TOP OF THE 1ST |
Cedar Rapids Kernels batting - Pitching for Quad Cities River Bandits : RHP Omar Pineda
|
Pitching: RHP Omar Pineda
|
|
Batting: RHB David McDonald
|
0-0: SINGLE (Groundball, 56D, EV 108.1 MPH)
|
Batting: RHB Kevin Harris
|
0-0: Ball 1-0: Foul Ball, location: 2F 1-1: SINGLE (Line Drive, 8RS, EV 97.5 MPH) David McDonald to second
|
Batting: LHB Kuemon Shishido
|
0-0: SINGLE (Groundball, 56D, EV 107.5 MPH) David McDonald to third Kevin Harris to second Runner from 3rd tries for Home, throw by LF and OUT! 7-2
|
Batting: LHB Shaun Price
|
0-0: Called Strike 0-1: Foul Ball, location: 2F 0-2: Ball 1-2: DOUBLE (Line Drive, 5D, EV 99.4 MPH) Kevin Harris scores Kuemon Shishido to third
|
Batting: LHB Brian Wagner
|
0-0: Ball 1-0: Ground out 3-1 (Groundball, 34, EV 83.1 MPH) Kuemon Shishido scores Shaun Price to third
|
Batting: LHB Marvin Shepherd
|
0-0: Ball 1-0: Ball 2-0: Fly out, F8 (Flyball, 8LM, EV 81.2 MPH)
|
Top of the 1st over - 2 runs, 4 hits, 0 errors, 1 left on base; Cedar Rapids 2 - Quad Cities 0 |
BOTTOM OF THE 1ST |
Quad Cities River Bandits batting - Pitching for Cedar Rapids Kernels : RHP Felix Perez
|
Pitching: RHP Felix Perez
|
|
Batting: RHB Sean Mounts
|
0-0: Ball 1-0: Fly out, F9 (Flyball, 9S, EV 77.5 MPH)
|
Batting: LHB Daigo Ishii
|
0-0: Ball 1-0: Ball 2-0: Swinging Strike 2-1: Ground out 6-3 (Groundball, 6, EV 82.5 MPH)
|
Batting: LHB Danny Wolver
|
0-0: Ball 1-0: Ball 2-0: SINGLE (Groundball, 23, EV 68.8 MPH) (infield hit)
|
Batting: LHB Josh Birkner
|
0-0: Foul Ball, location: 2F 0-1: Called Strike 0-2: Fly out, F7 (Flyball, 7LS, EV 88.1 MPH)
|
Bottom of the 1st over - 0 runs, 1 hit, 0 errors, 1 left on base; Cedar Rapids 2 - Quad Cities 0 |
TOP OF THE 2ND |
Cedar Rapids Kernels batting - Pitching for Quad Cities River Bandits : RHP Omar Pineda
|
Batting: RHB Chris Bejarano
|
0-0: Ball 1-0: Ball 2-0: SINGLE (Flyball, 34D, EV 96.2 MPH)
|
Batting: RHB Steve Raine
|
0-0: Swinging Strike 0-1: Ball 1-1: Grounds into double play, 6-4-3 (Groundball, 6, EV 91.2 MPH)
|
Batting: RHB Antonio Santos
|
0-0: Swinging Strike 0-1: Ball 1-1: Fly out, F5 (Line Drive, 56, EV 81.2 MPH)
|
Top of the 2nd over - 0 runs, 1 hit, 0 errors, 0 left on base; Cedar Rapids 2 - Quad Cities 0 |
BOTTOM OF THE 2ND |
Quad Cities River Bandits batting - Pitching for Cedar Rapids Kernels : RHP Felix Perez
|
Batting: RHB Alex Campos
|
0-0: Reached on error, E1 (Groundball, 25, EV 65.6 MPH)
|
Batting: LHB Kelvin Jones
|
0-0: Called Strike 0-1: Called Strike 0-2: Fielders Choice at 2nd, 3-6 (Groundball, 3, EV 104.4 MPH)
|
Batting: RHB Kieron Clark
|
0-0: Ball 1-0: Grounds into double play, 6-4-3 (Groundball, 6, EV 90.0 MPH)
|
Bottom of the 2nd over - 0 runs, 0 hits, 1 error, 0 left on base; Cedar Rapids 2 - Quad Cities 0 |
TOP OF THE 3RD |
Cedar Rapids Kernels batting - Pitching for Quad Cities River Bandits : RHP Omar Pineda
|
Batting: RHB David McDonald
|
0-0: Called Strike 0-1: Foul Ball, location: 2F 0-2: Foul Ball, location: 2F 0-2: SINGLE (Groundball, 4MD, EV 103.1 MPH)
|
Batting: RHB Kevin Harris
|
0-0: Ball 1-0: Called Strike 1-1: Swinging Strike 1-2: Ball 2-2: Strikes out swinging
|
Batting: LHB Kuemon Shishido
|
0-0: SINGLE (Flyball, 78S, EV 85.6 MPH) David McDonald to second
|
Batting: LHB Shaun Price
|
0-0: Called Strike 0-1: SINGLE (Flyball, 78S, EV 95.6 MPH) David McDonald to third Kuemon Shishido to second
|
Batting: LHB Brian Wagner
|
0-0: Ball 1-0: Fly out, F9 (Flyball, 89D, EV 80.6 MPH) Runner from 3rd tags up, SCORES, throw by RF Kuemon Shishido to third
|
Batting: LHB Marvin Shepherd
|
0-0: Ball 1-0: Foul Ball, location: 2F 1-1: Ball 2-1: Foul Ball, location: 2F 2-2: Foul Ball, location: 2F 2-2: Ball 3-2: Base on Balls Shaun Price to second
|
Batting: RHB Chris Bejarano
|
0-0: Ball 1-0: Ball 2-0: Ball Wild Pitch! Kuemon Shishido scores Shaun Price to third Marvin Shepherd to second 3-0: Called Strike 3-1: Base on Balls
|
Batting: RHB Steve Raine
|
0-0: Called Strike 0-1: Ball 1-1: Ball 2-1: Ball 3-1: Ground out 4-3 (Groundball, 4, EV 108.8 MPH)
|
Top of the 3rd over - 2 runs, 3 hits, 0 errors, 3 left on base; Cedar Rapids 4 - Quad Cities 0 |
BOTTOM OF THE 3RD |
Quad Cities River Bandits batting - Pitching for Cedar Rapids Kernels : RHP Felix Perez
|
Batting: LHB Fernando Gomez
|
0-0: Ball 1-0: Ball 2-0: Fly out, F8 (Flyball, 8LD, EV 96.2 MPH)
|
Batting: RHB Reginald McDougall
|
0-0: Called Strike 0-1: Foul Ball, location: 2F 0-2: Ball 1-2: Strikes out swinging
|
DELAY
|
Rain delay of 54 minutes in the 3rd inning.
|
Batting: RHB Sean Mounts
|
0-0: Ground out 1-3 (Groundball, 13S, EV 66.9 MPH)
|
Bottom of the 3rd over - 0 runs, 0 hits, 0 errors, 0 left on base; Cedar Rapids 4 - Quad Cities 0 |
TOP OF THE 4TH |
Cedar Rapids Kernels batting - Pitching for Quad Cities River Bandits : RHP Omar Pineda
|
Batting: RHB Antonio Santos
|
0-0: Foul Ball, location: 2F 0-1: Foul Ball, location: 2F 0-2: Reached on error, E6 (Groundball, 6, EV 108.8 MPH)
|
Batting: RHB David McDonald
|
0-0: SINGLE (Groundball, 34D, EV 98.8 MPH) Antonio Santos to second Runner from 2nd tries for 3rd, SAFE, throw by RF made to third
|
Batting: RHB Kevin Harris
|
0-0: Called Strike 0-1: Ball David McDonald steals 2nd base 1-1: Ball 2-1: Fly out, F7 (Flyball, 7, EV 82.5 MPH) Runner from 3rd tags up, SCORES, throw by LF
|
Pitching: RHP Carlos Zavala
|
|
Batting: LHB Kuemon Shishido
|
0-0: Called Strike 0-1: Swinging Strike 0-2: Ball 1-2: Strikes out looking
|
Batting: LHB Shaun Price
|
0-0: Ball 1-0: Ball 2-0: Ball 3-0: Base on Balls
|
Batting: LHB Brian Wagner
|
0-0: Ball 1-0: Ball 2-0: Hit by Pitch David McDonald to third Shaun Price to second
|
Batting: LHB Marvin Shepherd
|
0-0: SINGLE (Groundball, 56D, EV 100.0 MPH) David McDonald scores Shaun Price to third Brian Wagner to second Throwing error, E7 Shaun Price scores Brian Wagner to third Marvin Shepherd to second
|
Batting: RHB Chris Bejarano
|
0-0: Ball 1-0: 3-RUN HOME RUN (Flyball, 7D, EV 105.6 MPH), Distance : 389 ft
|
Pitching: RHP Gabe Torres
|
|
Batting: RHB Steve Raine
|
0-0: Ball 1-0: Ball 2-0: Called Strike 2-1: Foul Ball, location: 2F 2-2: Ball 3-2: Fly out, F8 (Flyball, 78S, EV 91.2 MPH)
|
Top of the 4th over - 6 runs, 3 hits, 2 errors, 0 left on base; Cedar Rapids 10 - Quad Cities 0 |
BOTTOM OF THE 4TH |
Quad Cities River Bandits batting - Pitching for Cedar Rapids Kernels : RHP Felix Perez
|
Batting: LHB Daigo Ishii
|
0-0: Called Strike 0-1: Ball 1-1: Ball 2-1: Foul Ball, location: 2F 2-2: Hit by Pitch
|
Batting: LHB Danny Wolver
|
0-0: Ball 1-0: Swinging Strike 1-1: SINGLE (Groundball, 34D, EV 103.1 MPH) Daigo Ishii to second Runner from 2nd tries for 3rd, SAFE, throw by RF made to third
|
Batting: LHB Josh Birkner
|
0-0: Called Strike Danny Wolver is caught stealing 2nd base 2-6 0-1: Ball 1-1: Swinging Strike 1-2: Strikes out swinging
|
Batting: RHB Alex Campos
|
0-0: SINGLE (Groundball, 4M, EV 105.6 MPH) (infield hit) Daigo Ishii scores
|
Batting: LHB Kelvin Jones
|
0-0: Called Strike 0-1: Fly out, F8 (Flyball, 8LD, EV 80.0 MPH)
|
Bottom of the 4th over - 1 run, 2 hits, 0 errors, 1 left on base; Cedar Rapids 10 - Quad Cities 1 |
TOP OF THE 5TH |
Cedar Rapids Kernels batting - Pitching for Quad Cities River Bandits : RHP Gabe Torres
|
Batting: RHB Antonio Santos
|
0-0: SINGLE (Groundball, 6MD, EV 97.5 MPH)
|
Batting: RHB David McDonald
|
0-0: Ball 1-0: Ball 2-0: Called Strike 2-1: Called Strike 2-2: Foul Ball, location: 2F 2-2: Foul Ball, location: 2F 2-2: Foul Ball, location: 2F 2-2: Foul Ball, location: 2F 2-2: Ball 3-2: SINGLE (Line Drive, 4MD, EV 103.1 MPH) Antonio Santos to second
|
Batting: RHB Kevin Harris
|
0-0: Foul Ball, location: 2F 0-1: Fly out, F9 (Line Drive, 9S, EV 91.9 MPH)
|
Batting: LHB Kuemon Shishido
|
0-0: Called Strike 0-1: Swinging Strike 0-2: Ball 1-2: Foul Ball, location: 2F 1-2: Strikes out swinging
|
Batting: LHB Shaun Price
|
0-0: Ball 1-0: Ball 2-0: Foul Ball, location: 2F 2-1: Ball 3-1: Base on Balls Antonio Santos to third David McDonald to second
|
Batting: LHB Brian Wagner
|
0-0: Ball 1-0: Called Strike 1-1: Ball 2-1: Ground out 4-3 (Groundball, 4MS, EV 86.9 MPH)
|
Top of the 5th over - 0 runs, 2 hits, 0 errors, 3 left on base; Cedar Rapids 10 - Quad Cities 1 |
BOTTOM OF THE 5TH |
Quad Cities River Bandits batting - Pitching for Cedar Rapids Kernels : RHP Felix Perez
|
Batting: RHB Kieron Clark
|
0-0: Called Strike 0-1: Ground out 6-3 (Groundball, 6, EV 88.8 MPH)
|
Batting: LHB Fernando Gomez
|
0-0: Ball 1-0: Ball 2-0: Ball 3-0: Called Strike 3-1: Swinging Strike 3-2: Foul Ball, location: 2F 3-2: Foul Ball, location: 2F 3-2: Strikes out swinging
|
Batting: RHB Reginald McDougall
|
0-0: Ball 1-0: Called Strike 1-1: Called Strike 1-2: Strikes out looking
|
Bottom of the 5th over - 0 runs, 0 hits, 0 errors, 0 left on base; Cedar Rapids 10 - Quad Cities 1 |
TOP OF THE 6TH |
Cedar Rapids Kernels batting - Pitching for Quad Cities River Bandits : RHP Gabe Torres
|
Batting: LHB Marvin Shepherd
|
0-0: Swinging Strike 0-1: Swinging Strike 0-2: Ball 1-2: Ground out 6-3 (Groundball, 6S, EV 74.4 MPH)
|
Batting: RHB Chris Bejarano
|
0-0: Called Strike 0-1: Swinging Strike 0-2: Ball 1-2: Ball 2-2: Foul Ball, location: 2F 2-2: Strikes out swinging
|
Batting: RHB Steve Raine
|
0-0: Called Strike 0-1: Ball 1-1: Ball 2-1: Foul Ball, location: 2F 2-2: Strikes out swinging
|
Top of the 6th over - 0 runs, 0 hits, 0 errors, 0 left on base; Cedar Rapids 10 - Quad Cities 1 |
BOTTOM OF THE 6TH |
Quad Cities River Bandits batting - Pitching for Cedar Rapids Kernels : RHP Felix Perez
|
Batting: RHB Sean Mounts
|
0-0: Ball 1-0: Called Strike 1-1: Foul Ball, location: 2F 1-2: Fly out, F7 (Flyball, 7S, EV 76.9 MPH)
|
Batting: LHB Daigo Ishii
|
0-0: Ball 1-0: SINGLE (Line Drive, 34D, EV 105.0 MPH)
|
Batting: LHB Danny Wolver
|
0-0: Called Strike 0-1: Fly out, F9 (Flyball, 9, EV 95.6 MPH)
|
Batting: LHB Josh Birkner
|
0-0: Called Strike 0-1: Foul Ball, location: 2F 0-2: Strikes out looking
|
Bottom of the 6th over - 0 runs, 1 hit, 0 errors, 1 left on base; Cedar Rapids 10 - Quad Cities 1 |
TOP OF THE 7TH |
Cedar Rapids Kernels batting - Pitching for Quad Cities River Bandits : RHP Gabe Torres
|
Pinch Hitting: RHB Dave Berry
|
0-0: Called Strike 0-1: SOLO HOME RUN (Line Drive, 78XD, EV 105.0 MPH), Distance : 411 ft
|
Batting: RHB David McDonald
|
0-0: Swinging Strike 0-1: Ball 1-1: Foul Ball, location: 2F 1-2: Strikes out swinging
|
Pitching: LHP Glenn Lowther
|
|
Batting: RHB Kevin Harris
|
0-0: Swinging Strike 0-1: Ball 1-1: Ball 2-1: Fly out, F9 (Flyball, 89M, EV 89.4 MPH)
|
Batting: LHB Kuemon Shishido
|
0-0: Ball 1-0: Ball 2-0: Called Strike 2-1: Ball 3-1: Swinging Strike 3-2: Foul Ball, location: 2F 3-2: Foul Ball, location: 2F 3-2: Ground out 4-3 (Groundball, 4D, EV 78.8 MPH)
|
Top of the 7th over - 1 run, 1 hit, 0 errors, 0 left on base; Cedar Rapids 11 - Quad Cities 1 |
BOTTOM OF THE 7TH |
Quad Cities River Bandits batting - Pitching for Cedar Rapids Kernels : RHP Felix Perez
|
Now at 3B: Steve Raine
|
|
Now in LF: Dave Berry
|
|
Now in RF: Marvin Shepherd
|
|
Batting: RHB Alex Campos
|
0-0: Called Strike 0-1: Foul Ball, location: 2F 0-2: Ball 1-2: Ball 2-2: Strikes out swinging
|
Pinch Hitting: LHB Jackson Trottier
|
0-0: Foul Ball, location: 2F 0-1: Foul Ball, location: 2F 0-2: Strikes out swinging, 2-3 out at first.
|
Batting: RHB Kieron Clark
|
0-0: Ball 1-0: Ball 2-0: Foul Ball, location: 2F 2-1: Called Strike 2-2: Fly out, F9 (Flyball, 9, EV 98.1 MPH)
|
Bottom of the 7th over - 0 runs, 0 hits, 0 errors, 0 left on base; Cedar Rapids 11 - Quad Cities 1 |
TOP OF THE 8TH |
Cedar Rapids Kernels batting - Pitching for Quad Cities River Bandits : LHP Glenn Lowther
|
Now in RF: Jackson Trottier
|
|
Batting: LHB Shaun Price
|
0-0: Fly out, F8 (Line Drive, 78M, EV 91.2 MPH)
|
Batting: LHB Brian Wagner
|
0-0: Called Strike 0-1: Called Strike 0-2: Strikes out swinging
|
Batting: LHB Marvin Shepherd
|
0-0: Ground out 6-3 (Groundball, 6, EV 85.0 MPH)
|
Top of the 8th over - 0 runs, 0 hits, 0 errors, 0 left on base; Cedar Rapids 11 - Quad Cities 1 |
BOTTOM OF THE 8TH |
Quad Cities River Bandits batting - Pitching for Cedar Rapids Kernels : RHP Felix Perez
|
Pinch Hitting: RHB Ray Souza
|
0-0: Fly out, F8 (Flyball, 8LXD, EV 100.6 MPH)
|
Batting: RHB Reginald McDougall
|
0-0: Ball 1-0: Foul Ball, location: 2F 1-1: Swinging Strike 1-2: Ball 2-2: DOUBLE (Line Drive, 7LS, EV 105.0 MPH)
|
Batting: RHB Sean Mounts
|
0-0: Called Strike 0-1: Ball 1-1: Ball 2-1: Foul Ball, location: 2F 2-2: Ball 3-2: Foul Ball, location: 2F 3-2: Foul Ball, location: 2F 3-2: Ground out 5-3 (Groundball, 56S, EV 70.0 MPH) Reginald McDougall to third
|
Pitching: RHP Andy Symons
|
|
Batting: LHB Daigo Ishii
|
0-0: Ball 1-0: Foul Ball, location: 2F 1-1: Foul Ball, location: 2F 1-2: Ball 2-2: Fly out, F5 (Popup, 25, EV 86.2 MPH)
|
Bottom of the 8th over - 0 runs, 1 hit, 0 errors, 1 left on base; Cedar Rapids 11 - Quad Cities 1 |
TOP OF THE 9TH |
Cedar Rapids Kernels batting - Pitching for Quad Cities River Bandits : LHP Glenn Lowther
|
Now at SS: Ray Souza
|
|
Batting: RHB Chris Bejarano
|
0-0: Fly out, F8 (Flyball, 8LM, EV 94.4 MPH)
|
Batting: RHB Steve Raine
|
0-0: Ball 1-0: Ball 2-0: Ball 3-0: Base on Balls
|
Batting: RHB Dave Berry
|
0-0: Fielders Choice at 2nd, 6-4 (Groundball, 6, EV 98.8 MPH)
|
Batting: RHB David McDonald
|
0-0: Called Strike 0-1: Ball 1-1: SINGLE (Groundball, 4M, EV 93.1 MPH) (infield hit) Dave Berry to second
|
Pinch Runner at 1st Hector Olvera:
|
|
Batting: RHB Kevin Harris
|
0-0: Ball Passed Ball! Dave Berry to third Hector Olvera to second 1-0: Ball 2-0: SINGLE (Groundball, 6D, EV 101.9 MPH) Dave Berry scores Hector Olvera to third Runner from 3rd tries for Home, SAFE, throw by CF to home Kevin Harris to second
|
Batting: LHB Kuemon Shishido
|
0-0: Swinging Strike 0-1: Swinging Strike 0-2: Strikes out looking
|
Top of the 9th over - 2 runs, 2 hits, 0 errors, 1 left on base; Cedar Rapids 13 - Quad Cities 1 |
BOTTOM OF THE 9TH |
Quad Cities River Bandits batting - Pitching for Cedar Rapids Kernels : RHP Andy Symons
|
Now at SS: Tim Carter
|
|
Batting: LHB Danny Wolver
|
0-0: Ball 1-0: Ball 2-0: Foul Ball, location: 2F 2-1: Fly out, F5 (Popup, 56S, EV 78.8 MPH)
|
Pinch Hitting: RHB Lee Wright
|
0-0: Ball 1-0: Ball 2-0: Foul Ball, location: 2F 2-1: Ball 3-1: Swinging Strike 3-2: Foul Ball, location: 2F 3-2: Base on Balls
|
Batting: RHB Alex Campos
|
0-0: Ball 1-0: Foul Ball, location: 2F 1-1: Ball 2-1: Ball 3-1: Base on Balls Lee Wright to second
|
Batting: LHB Jackson Trottier
|
0-0: Ball 1-0: Grounds into double play, 5-4-3 (Groundball, 56, EV 97.5 MPH)
|
Bottom of the 9th over - 0 runs, 0 hits, 0 errors, 1 left on base; Cedar Rapids 13 - Quad Cities 1 |
|